Map: Thunderbird LE

Players

AiLillekanin (Lillekanin)

  • Race: Terran Terran
  • League: Master
  • Spawn Location: 5:00

LiquidSnute (Snute) - Winner!

  • Race: Zerg Zerg
  • League: Grandmaster
  • Spawn Location: 11:00

Event: NationWars 2019

VOD

Have the link to the VOD?

Description

Time

  • Played on: Sept. 30, 2019, 4:01 p.m.
  • Length: 29:41

All games in this series

Show
View Real Time Build Order
Export as new Build Order

AiLillekanin Terran 

Build Orders: Gas First Reaper Expand, Hellion Opening, Mech 

Get SALT Encoding   

  12  0:00  SCV  
  13  0:12  SCV  
  14  0:17  Supply Depot  
  14  0:25  SCV  
  15  0:30  Refinery  
  15  0:38  SCV  
  16  0:44  Barracks  
  16  0:50  SCV  
  17  1:02  SCV  
  18  1:15  SCV  
  19  1:31  Reaper  
  19  1:32  Orbital Command  
  20  1:46  Command Center  
  20  1:58  Factory  
  20  1:59  SCV  
  21  2:08  Barracks Reactor  
  21  2:12  SCV, Refinery  
  22  2:21  Supply Depot  
  22  2:24  SCV  
  23  2:42  SCV, Starport  
  24  2:49  Hellion x2  
  28  2:54  SCV  
  29  2:59  Orbital Command  
  29  3:10  SCV  
  29  3:11  Hellion  
  34  3:13  Hellion  
  34  3:22  SCV  
  34  3:26  Fusion Core  
  35  3:27  SCV  
  36  3:35  SCV  
  36  3:39  SCV  
  38  3:42  Starport Tech Lab  
  38  3:43  Marine  
  38  3:45  Supply Depot  
  38  3:48  SCV  
  40  3:51  Hellion x2  
  44  3:56  SCV  
  44  4:00  SCV  
  44  4:02  Supply Depot  
  46  4:08  SCV  
  47  4:12  SCV  
  48  4:20  SCV  
  48  4:22  Hellion  
  47  4:24  SCV  
  47  4:30  Battlecruiser  
  49  4:32  SCV  
  50  4:38  SCV  
  50  4:44  SCV  
  52  4:50  SCV  
  53  4:56  SCV  
  54  5:03  Command Center  
  54  5:06  SCV  
  55  5:09  SCV  
  55  5:12  Supply Depot  
  56  5:18  SCV  
  56  5:19  Factory x2, Refinery  
  56  5:20  Refinery  
  56  5:21  SCV  
  58  5:30  SCV  
  58  5:33  SCV  
  58  5:50  Battlecruiser  
  58  5:51  SCV  
  58  5:53  SCV  
  56  6:03  SCV  
  56  6:04  Armory, Hellion x2  
  61  6:05  Factory Tech Lab x2, SCV  
  61  6:10  Supply Depot  
  62  6:11  Supply Depot  
  62  6:15  Orbital Command  
  62  6:16  SCV  
  62  6:17  SCV  
  64  6:19  Armory  
  64  6:25  Siege Tank  
  64  6:28  SCV  
  64  6:29  SCV  
  73  6:32  Hellion  
  73  6:33  Hellion  
  73  6:35  Siege Tank  
  73  6:38  Orbital Command  
  76  6:40  SCV  
  76  6:42  SCV  
  78  6:52  SCV  
  78  6:53  Terran Vehicle Weapons Level 1  
  78  6:54  SCV  
  80  6:55  Hellion  
  80  6:56  Hellion  
  80  7:00  Refinery  
  84  7:02  Refinery  
  84  7:13  Battlecruiser  
  84  7:15  SCV x2  
  92  7:16  SCV  
  92  7:19  Hellion x2  
  97  7:26  Command Center  
  97  7:27  SCV x2, Hellion  
  101  7:32  Supply Depot  
  101  7:37  Supply Depot  
  101  7:38  Terran Vehicle And Ship Armor Level 1, Supply Depot  
  101  7:46  Engineering Bay, Factory x2  
  101  7:48  SCV x3  
  104  7:54  Supply Depot x2  
  104  8:00  SCV x2  
  104  8:01  Siege Tank x2  
  104  8:02  Hellion  
  114  8:11  Supply Depot x2  
  114  8:17  Infernal Pre-Igniter  
  114  8:27  SCV x2  
  114  8:30  Supply Depot  
  114  8:31  Factory Tech Lab x2  
  114  8:32  Smart Servos  
  114  8:33  Siege Tank  
  119  8:35  Siege Tank  
  122  8:48  Hellion x2  
  118  8:52  SCV  
  118  8:54  Raven, Missile Turret  
  121  8:56  Missile Turret, Siege Tank  
  121  8:57  Missile Turret  
  121  9:02  Hellion  
  126  9:04  Terran Vehicle Weapons Level 2  
  126  9:05  Siege Tank  
  126  9:06  SCV  
  126  9:08  Hellion  
  126  9:09  Hellion  
  134  9:18  Missile Turret  
  134  9:19  Missile Turret  
  134  9:20  Missile Turret x2  
  134  9:22  Planetary Fortress  
  134  9:26  Refinery  
  134  9:29  Hellion  
  134  9:30  Hellion  
  138  9:31  SCV  
  138  9:32  SCV x2, Refinery  
  141  9:43  Raven  
  141  9:44  Siege Tank  
  146  9:46  Hellion x2  
  146  9:48  Starport  
  145  10:00  Siege Tank  
  145  10:02  Siege Tank  
  145  10:03  Hellion  
  146  10:07  Hellion x2  
  146  10:08  Liberator  
  142  10:17  Siege Tank  
  142  10:19  SCV  
  142  10:20  SCV  
  147  10:24  Hellion  
  147  10:27  Terran Vehicle And Ship Armor Level 2  
  148  10:29  SCV, Hellion x2  
  148  10:32  Advanced Ballistics, Hellion  
  148  10:34  Hellion  
  157  10:40  Starport Reactor  
  157  10:44  SCV x2  
  157  10:46  Hellion  
  157  10:49  Hellion  
  163  10:50  Hellion x2  
  163  10:53  Thor  
  163  10:55  Command Center  
  173  10:59  Siege Tank  
  176  11:10  Thor  
  182  11:14  Widow Mine x2  
  184  11:32  Thor  
  184  11:35  Thor  
  185  11:44  Thor  
  173  11:49  Hellion  
  173  11:50  Hellion  
  173  11:53  Thor  
  162  12:11  Hellion x2  
  162  12:15  Thor  
  150  12:19  Hellion  
  152  12:25  Liberator  
  152  12:27  Siege Tank  
  155  12:32  Hellion x2  
  155  12:36  Siege Tank, Hellion  
  162  12:40  Hellion  
  167  12:48  Liberator  
  167  12:49  Liberator  
  167  12:54  Hellion x2  
  167  12:57  Missile Turret  
  171  12:58  Siege Tank  
  171  12:59  Missile Turret, Thor  
  171  13:01  Thor  
  186  13:08  Hellion  
  191  13:15  Hellion x2  
  183  13:27  Terran Vehicle And Ship Armor Level 3, Terran Vehicle Weapons Level 3  
  183  13:29  Thor  
  183  13:31  Hellion  
  183  13:32  Barracks Tech Lab  
  191  13:35  Ghost Academy  
  191  13:36  Hellion  
  191  13:37  Hellion  
  191  13:38  Command Center  
  191  13:39  Liberator  
  191  13:40  Command Center x2  
  195  13:42  Siege Tank  
  195  13:44  Hellion  
  195  13:47  Missile Turret  
  200  13:52  Hellion  
  197  14:05  Hellion  
  197  14:08  Personal Cloaking  
  199  14:14  Hellion  
  200  14:24  Missile Turret  
  200  14:26  Missile Turret  
  197  14:38  Hellion  
  187  15:02  Siege Tank, Hellion x2  
  181  15:09  Siege Tank x2  
  181  15:10  Hellion  
  184  15:24  Hellion x2  
  188  15:31  Orbital Command x2, Hellion  
  188  15:32  Orbital Command  
  188  15:34  Enhanced Shockwaves, Hellion  
  188  15:35  Planetary Fortress  
  190  15:41  Missile Turret x2, Hellion  
  190  15:42  Hellion  
  194  15:43  Ghost, Missile Turret  
  196  16:03  Refinery, Sensor Tower  
  196  16:04  Terran Ship Weapons Level 1, Refinery  
  193  16:11  Ghost  
  193  16:12  Sensor Tower  
  195  16:19  Raven  
  197  16:40  Ghost  
  199  16:54  Liberator  
  199  16:55  Starport  
  189  17:10  Thor  
  189  17:11  Thor  
  200  17:27  Liberator x2  
  192  17:59  Hellion x2  
  192  18:02  Hellion x3  
  200  18:09  Ghost  
  196  18:14  Liberator x2, Hellion  
  196  18:15  Liberator  
  188  18:20  Hellion x2  
  186  18:29  Thor x2  
  186  18:30  Hellion  
  179  18:35  Hellion  
  152  18:41  Hellion x2  
  154  18:51  Hellion  
  147  18:56  Hellion  
  147  18:57  Liberator x3  
  149  19:03  Hellion x2  
  149  19:04  Terran Ship Weapons Level 2  
  149  19:07  Starport Tech Lab  
  160  19:23  Liberator  
  154  19:24  Hellion x2  
  154  19:27  Hellion x4  
  162  19:33  Hellion  
  162  19:35  Command Center  
  164  19:40  Liberator  
  164  19:41  SCV  
  164  19:42  Liberator  
  164  19:43  Ghost  
  170  19:46  Nuke  
  168  19:57  Raven  
  172  20:00  Thor  
  172  20:01  Hellion  
  172  20:06  Liberator  
  176  20:09  Hellion x2  
  176  20:11  Ghost  
  180  20:15  Hellion  
  180  20:19  Corvid Reactor  
  183  20:21  SCV  
  183  20:23  Hellion x2  
  190  20:34  Ghost Academy  
  190  20:36  Ghost Academy  
  188  20:58  Thor  
  188  20:59  Thor  
  200  21:05  Hellion x15  
  200  21:20  Terran Ship Weapons Level 3  
  197  21:26  Hellion  
  197  21:30  Mag-Field Accelerator  
  197  21:31  Drilling Claws  
  196  21:48  Liberator  
  196  21:49  Liberator x2  
  196  21:56  Command Center  
  197  22:17  Ghost  
  199  22:25  Orbital Command  
  197  23:12  Hellion x2  
  189  23:13  Liberator  
  187  23:25  Planetary Fortress  
  185  23:27  Thor x2  
  199  24:23  Liberator  
  190  25:07  Thor  
  190  25:09  Hellion x2  
  193  25:15  Liberator x2  
  193  25:16  Liberator  
  181  25:23  Thor x2  
  181  25:24  Hellion  
  187  25:30  Hellion x2  
  190  25:41  Ghost  
  190  25:45  Hellion  
  192  25:51  Hellion x3  
  198  26:06  Hellion  
  198  26:09  Ghost  
  199  26:11  Liberator x2  
  193  26:27  Refinery  
  193  26:33  Raven  
  193  26:36  Raven, Refinery  
  193  26:37  Orbital Command, Refinery  
  194  26:47  Hellion x2  
  198  26:54  Liberator  
  190  27:05  Hellion x2  
  194  27:17  Ghost  
  194  27:19  Hellion x2  
  196  27:42  Liberator  
  196  27:46  Ghost  
  181  28:01  Hellion x4  
  184  28:09  Hellion  
  184  28:10  Hellion  
  183  28:22  Hellion x3  
  183  28:23  Hellion  
  179  28:39  Ghost  
  179  28:40  Hellion x2  
  181  28:47  Hellion  
  181  28:48  Hellion  
  166  29:08  Ghost  
Show
View Real Time Build Order
Export as new Build Order

LiquidSnute Zerg - Winner!

Build Orders: Pool First 

Get SALT Encoding   

  12  0:00  Drone  
  13  0:12  Overlord  
  13  0:16  Drone  
  14  0:30  Drone x2  
  14  0:34  Drone  
  17  0:44  Spawning Pool  
  17  0:47  Drone  
  17  0:56  Drone  
  18  1:10  Hatchery  
  17  1:13  Drone  
  17  1:18  Drone  
  19  1:22  Extractor  
  18  1:30  Queen  
  18  1:31  Zergling x2  
  21  1:39  Overlord  
  21  1:49  Drone  
  23  2:01  Drone  
  23  2:05  Hatchery  
  22  2:13  Queen  
  24  2:18  Drone  
  24  2:22  Drone  
  26  2:24  Drone  
  27  2:31  Metabolic Boost  
  27  2:34  Drone  
  28  2:37  Drone  
  28  2:40  Drone  
  28  2:43  Drone  
  31  2:46  Drone  
  31  2:48  Drone  
  33  2:52  Drone  
  33  2:54  Pneumatized Carapace  
  34  2:59  Overlord  
  34  3:03  Drone  
  35  3:06  Drone  
  36  3:16  Queen  
  36  3:18  Drone x3  
  41  3:24  Queen  
  43  3:28  Drone x3  
  43  3:34  Drone x3  
  48  3:37  Extractor  
  48  3:38  Drone x2  
  48  3:40  Zergling x2  
  50  3:43  Overlord  
  50  3:49  Roach Warren  
  49  4:03  Zergling x18  
  49  4:05  Drone  
  49  4:09  Evolution Chamber  
  56  4:11  Drone  
  56  4:12  Drone  
  56  4:14  Drone  
  57  4:21  Drone x2  
  55  4:28  Drone x3  
  58  4:35  Overlord  
  58  4:36  Lair  
  58  4:40  Overlord  
  58  4:59  Drone x9  
  62  5:02  Drone, Queen x2  
  62  5:05  Spore Crawler  
  62  5:06  Spore Crawler  
  63  5:09  Spore Crawler  
  63  5:13  Roach x3  
  68  5:15  Roach  
  68  5:20  Overlord  
  70  5:24  Overlord  
  70  5:27  Extractor x2  
  68  5:30  Drone x6  
  72  5:49  Drone x8  
  78  5:56  Drone  
  77  5:59  Drone x4  
  81  6:05  Drone x2  
  81  6:08  Drone  
  81  6:09  Glial Reconstitution, Extractor  
  81  6:11  Extractor  
  82  6:13  Hatchery  
  82  6:14  Drone x2, Evolution Chamber  
  82  6:18  Evolution Chamber  
  81  6:21  Drone x4  
  81  6:25  Overlord  
  85  6:28  Drone  
  85  6:32  Drone, Infestation Pit  
  87  6:38  Drone  
  87  6:40  Zerg Missile Weapons Level 1  
  87  6:41  Drone x3  
  87  6:45  Drone  
  87  6:46  Zerg Ground Armor Level 1  
  91  6:50  Roach x3  
  91  6:54  Overlord x3  
  97  6:57  Overlord x2  
  97  7:02  Spore Crawler  
  95  7:12  Overlord  
  95  7:13  Drone x4  
  98  7:19  Neural Parasite  
  98  7:20  Hydralisk Den, Infestor  
  99  7:24  Extractor  
  99  7:26  Spore Crawler, Drone x9  
  99  7:27  Drone  
  99  7:29  Drone  
  107  7:32  Spore Crawler  
  106  7:42  Drone x6  
  106  7:43  Spore Crawler  
  111  7:44  Infestor  
  111  7:45  Extractor  
  111  7:49  Burrow, Infestor  
  114  7:52  Grooved Spines  
  114  8:02  Infestor  
  116  8:11  Hive  
  116  8:16  Roach x7  
  116  8:18  Overlord  
  116  8:19  Overlord  
  130  8:23  Queen  
  130  8:25  Roach x6  
  130  8:27  Overlord x4  
  144  8:35  Zerg Missile Weapons Level 2  
  144  8:38  Infestor  
  143  8:41  Drone x9  
  143  8:42  Drone x2  
  150  8:55  Spine Crawler  
  149  8:59  Spire  
  149  9:02  Hatchery  
  147  9:03  Roach x5  
  147  9:04  Ravager x2  
  147  9:05  Ravager  
  147  9:08  Muscular Augments  
  160  9:15  Spore Crawler x2  
  158  9:17  Spore Crawler  
  158  9:22  Hydralisk x6  
  169  9:25  Overlord x2  
  169  9:31  Queen x2  
  169  9:36  Overlord x2  
  169  9:37  Ravager x4  
  177  9:39  Ravager  
  157  10:04  Roach x7  
  158  10:07  Drone x8  
  158  10:10  Drone x2  
  161  10:16  Greater Spire  
  161  10:18  Zerg Melee Weapons Level 1  
  161  10:20  Drone x11  
  172  10:28  Viper x2  
  172  10:29  Viper  
  181  10:37  Spine Crawler  
  181  10:38  Spine Crawler  
  181  10:39  Spine Crawler, Drone  
  181  10:40  Drone x4, Spine Crawler  
  181  10:42  Ravager  
  183  10:43  Ravager x2  
  183  10:44  Ravager  
  183  10:45  Roach x2  
  190  10:55  Roach x5  
  190  10:56  Spore Crawler, Spine Crawler  
  198  11:16  Ravager x4  
  200  11:24  Roach x4  
  169  11:41  Roach x11  
  169  11:42  Roach x5  
  169  11:46  Roach x7  
  178  11:51  Ravager x4  
  172  11:57  Roach x8  
  172  11:59  Roach x2  
  172  12:00  Zergling x2  
  191  12:07  Queen x4  
  191  12:08  Roach x5  
  195  12:15  Hydralisk x3, Queen  
  176  12:19  Hydralisk x2  
  179  12:22  Ravager  
  179  12:24  Spore Crawler x3, Hydralisk x2  
  179  12:25  Spore Crawler  
  179  12:29  Zergling x8  
  179  12:32  Spore Crawler  
  179  12:34  Ravager  
  179  12:36  Hydralisk x3  
  184  12:42  Queen x4, Hydralisk x3  
  198  12:51  Zerg Missile Weapons Level 3  
  198  12:58  Extractor  
  198  13:00  Extractor  
  198  13:01  Ravager  
  198  13:02  Queen  
  199  13:14  Hatchery  
  199  13:17  Spine Crawler x3  
  199  13:19  Spine Crawler, Ravager x5  
  197  13:32  Zerg Flyer Weapons Level 1  
  197  13:37  Ravager  
  197  13:38  Ravager  
  199  13:44  Zerg Melee Weapons Level 2  
  199  14:21  Spore Crawler  
  199  14:22  Spore Crawler  
  193  14:27  Corruptor x4  
  199  14:37  Hatchery  
  198  14:46  Pathogen Glands  
  192  15:06  Infestor x5  
  199  15:13  Roach x2  
  194  15:24  Brood Lord x3  
  194  15:26  Spine Crawler  
  194  15:27  Spine Crawler x2, Zerg Flyer Weapons Level 2  
  194  15:28  Zerg Ground Armor Level 2  
  195  15:30  Spire  
  194  15:50  Extractor  
  194  15:51  Spore Crawler  
  194  15:52  Extractor  
  194  15:53  Corruptor x4  
  199  16:04  Spore Crawler  
  199  16:05  Spore Crawler, Spine Crawler  
  199  16:08  Spore Crawler, Spine Crawler  
  191  16:21  Ravager  
  191  16:22  Ravager  
  191  16:23  Ravager x7  
  196  16:43  Brood Lord  
  196  16:44  Zerg Flyer Armor Level 1  
  198  16:48  Drone x5  
  200  16:55  Overseer x7  
  200  17:04  Infestor x5  
  161  17:14  Brood Lord  
  161  17:15  Corruptor x6, Brood Lord x3  
  162  17:17  Viper  
  162  17:18  Viper  
  162  17:22  Roach x4  
  184  17:24  Zergling x32  
  196  17:45  Brood Lord x2  
  196  18:00  Brood Lord x4  
  192  18:20  Overlord x2  
  174  18:30  Hydralisk x6  
  174  18:31  Hydralisk x3  
  174  18:34  Infestor  
  174  18:36  Overlord x3  
  174  18:45  Hydralisk  
  174  18:46  Hydralisk x8  
  177  19:01  Drone x10  
  177  19:02  Drone  
  187  19:11  Drone x7  
  187  19:17  Infestor x2  
  192  19:20  Overseer x2  
  193  19:34  Infestor x3  
  196  20:00  Corruptor x2  
  196  20:03  Zerg Flyer Weapons Level 3  
  196  20:04  Zerg Ground Armor Level 3  
  196  20:06  Zerg Melee Weapons Level 3  
  198  20:07  Drone x2  
  198  20:08  Drone, Hatchery  
  200  20:23  Extractor  
  199  20:28  Extractor  
  199  20:31  Spine Crawler  
  199  20:32  Spine Crawler  
  199  20:33  Spore Crawler  
  199  20:34  Spore Crawler x2, Infestor x3  
  199  20:36  Spore Crawler x3  
  196  20:53  Drone x4  
  196  20:56  Spore Crawler  
  199  20:58  Spore Crawler  
  199  20:59  Spore Crawler  
  197  21:15  Hatchery  
  196  21:24  Spore Crawler  
  196  21:25  Spore Crawler  
  194  21:26  Brood Lord x2  
  194  21:28  Spore Crawler x2  
  196  21:43  Drone x4  
  200  21:56  Spore Crawler x3  
  200  21:57  Spore Crawler  
  194  22:09  Spine Crawler  
  194  22:12  Spine Crawler  
  194  22:13  Spore Crawler  
  194  22:15  Spore Crawler  
  190  22:16  Spore Crawler  
  189  22:24  Spore Crawler, Viper x3  
  189  22:25  Spore Crawler  
  189  22:26  Spore Crawler  
  195  22:35  Spore Crawler  
  194  22:39  Spore Crawler  
  194  22:41  Drone x7  
  194  22:42  Spine Crawler  
  194  22:43  Spine Crawler  
  194  22:44  Zerg Flyer Armor Level 2, Spine Crawler  
  197  22:58  Queen x3  
  199  23:28  Spore Crawler  
  199  23:29  Spore Crawler  
  199  23:30  Spore Crawler  
  196  23:44  Spore Crawler x2  
  194  23:48  Spore Crawler  
  194  23:50  Drone x7  
  194  23:54  Spore Crawler  
  199  24:21  Spore Crawler  
  199  24:24  Spore Crawler, Viper x4, Infestor x10  
  186  24:25  Spore Crawler  
  180  24:41  Spore Crawler  
  180  24:42  Spore Crawler x2  
  180  24:43  Spore Crawler x2  
  171  25:05  Hydralisk x7  
  179  25:07  Roach x6  
  169  25:36  Roach x5  
  169  25:38  Corruptor x7  
  189  25:48  Spore Crawler x4  
  189  25:49  Spore Crawler x2  
  183  25:51  Spore Crawler x2  
  181  26:05  Corruptor x6  
  195  26:18  Roach x4  
  195  26:21  Drone x5, Extractor  
  195  26:22  Extractor  
  198  26:31  Drone x2  
  185  27:04  Roach x7  
  199  27:24  Drone  
  185  28:03  Queen x5  
  185  28:04  Queen  
  195  28:11  Queen x2  
  187  28:15  Zergling x26  
  184  28:33  Roach x16  
  200  28:39  Queen  
  144  29:11  Hydralisk x2  
  144  29:12  Hydralisk x6  
Tags
 
Add a new tag
Caveats
  • Supply blocks, unpowered buildings, or Contaminate may cause inaccurate times.
  • Supply counts are checked every 10 seconds.